AoeStats
← Eugenius

Black Forest

508747308Analyzed
4v4 RM · 9d ago on Sep 23, 2026· 26m 23s· 8 players
Game mode
Random Map
Map size
Large (8 player)
Population
200
Speed
Normal
Resources
Standard
Victory
Conquest
Starting age
Dark Age
Ending age
Imperial Age
RankedLock teamsTeams togetherTeam positionsShared explorationLock speedFull tech treeHidden civsTurbo modeCheats
Victory
Defeat
🇺🇸 Khmer · United States
1804
+11
🇨🇳 Persians · China
1771
+13
🇺🇦 Danes · Ukraine
1689
+16
🇲🇽 Mongols · Mexico
1587
+21
🇺🇸 Italians · United States
1790
-18
🇲🇽 Gurjaras · Mexico
1728
-17
🇵🇪 Magyars · Peru
1728
-17
🇦🇷 Danes · Argentina
1530
-9
El Sobol
5:22 Loom
10:53 Feudal Age
14:26 Castle Age
12:27 Double-Bit Axe
12:56 Stone Mining
14:52 Scale Mail Armor
16:05 Arson
Rv
7:25 Loom
10:50 Feudal Age
11:41 Double-Bit Axe
14:48 Castle Age
12:45 Horse Collar
16:00 Bow Saw
15:51 Heavy Plow
18:17 Town Watch
20:53 Bloodlines
22:39 Scale Barding Armor
23:15 Husbandry
26:13 Scale Barding Armor
27:28 Wheelbarrow
27:18 Chain Barding Armor
CNZS_HiFive
9:02 Feudal Age
8:43 Loom
9:22 Loom
9:07 Man-at-Arms
11:41 Arson
13:57 Double-Bit Axe
14:44 Horse Collar
15:53 Town Watch
20:33 Wheelbarrow
23:37 Castle Age
21:34 Gold Mining
21:36 Stone Mining
24:20 Bow Saw
24:52 Heavy Plow
26:23 Hand Cart
E@GLE
10:47 Feudal Age
14:17 Castle Age
12:03 Double-Bit Axe
12:13 Horse Collar
15:29 Bow Saw
15:20 Heavy Plow
20:22 Loom
21:12 Wheelbarrow
21:24 Gold Mining
22:10 Scale Barding Armor
23:14 Bloodlines
23:15 Devotion
23:50 Light Cavalry
quesarito
0:26 Loom
10:16 Feudal Age
10:54 Double-Bit Axe
15:50 Fletching
16:00 Padded Archer Armor
17:11 Horse Collar
22:30 Castle Age
22:49 Gold Mining
23:19 Thumb Ring
23:10 Bodkin Arrow
22:45 Crossbowman
24:57 Ballistics
26:28 Wheelbarrow
25:56 Heavy Plow
§Y¶# Ä
2:33 Loom
10:16 Feudal Age
16:02 Castle Age
Rhapcore
0:49 Loom
13:21 Feudal Age
25:51 Castle Age
Eugenius
12:51 Feudal Age
17:06 Castle Age
15:38 Bloodlines
18:46 Light Cavalry
Connection lost

Rejoining the realm…

Still unreachable

The connection could not be restored.

Session expired

The server has moved on; the page needs a fresh start.